 Dungeon Crawl Stone Soup version 0.28.0-53-g5a82cb258f (webtiles) character file.

Game seed: 16220364673763278277

127 Peloso the Covered (level 4, -1/40 HPs)
             Began as a Minotaur Fighter on June 10, 2022.
             Was an Initiate of Okawaru.
             Slain by a sky beast (6 damage)
             ... on level 3 of the Dungeon.
             The game lasted 00:03:49 (2485 turns).

Peloso the Covered (Minotaur Fighter)               Turns: 2485, Time: 00:03:49

Health: -1/40      AC:  9    Str: 21    XL:     4   Next: 85%
Magic:  3/3        EV:  7    Int:  5    God:    Okawaru [......]
Gold:   114        SH:  5    Dex: 11    Spells: 3/3 levels left

rFire   + . .      SeeInvis .   a - +0 long sword
rCold   . . .      Faith    .   c - +0 buckler
rNeg    . . .      Spirit   .   f - +0 chain mail
rPois   .          Reflect  .   (helmet restricted)
rElec   .          Harm     .   (no cloak)
rCorr   .          Rampage  .   (no gloves)
Will    .....                   (no boots)
Stlth   ..........              (no amulet)
HPRegen 0.13/turn               k - ring of protection from fire
MPRegen 0.08/turn               (no ring)

@: no status effects
A: horns 2, retaliatory headbutt
a: Renounce Religion


You were on level 3 of the Dungeon.
You worshipped Okawaru.
Okawaru was noncommittal.
You visited 1 branch of the dungeon, and saw 3 of its levels.

You collected 114 gold pieces.

Inventory:

Hand Weapons
 a - a +0 long sword (weapon)
Armour
 b - a +0 scale mail
 c - a +0 buckler (worn)
 f - a +0 chain mail (worn)
Jewellery
 k - a ring of protection from fire (left hand)
Scrolls
 e - a scroll of blinking {unknown}
 g - 3 scrolls of identify {unknown}
 i - a scroll of immolation {unknown}
 l - a scroll of enchant weapon {unknown}
 m - a scroll of teleportation {unknown}
Potions
 d - 2 potions of might
 h - a potion of mutation {unknown}
 j - a potion of heal wounds {unknown}
 n - a potion of flight {unknown}
 o - 2 potions of attraction {unknown}


   Skills:
 + Level 4.2 Fighting
 + Level 3.5 Long Blades
 + Level 4.9 Armour
 + Level 0.3 Dodging
 + Level 0.7 Stealth
 + Level 4.5 Shields


You had 3 spell levels left.
You didn't know any spells.
Your spell library contained the following spells:

 Spells                   Type           Power      Damage    Failure   Level
 Ozocubu's Armour         Ice            0%         N/A       100%        3
 Stone Arrow              Conj/Erth      0%         3d7       100%        3
 Ozocubu's Refrigeration  Ice            0%         4d5       100%        7
 Lehudib's Crystal Spear  Conj/Erth      0%         10d2      100%        8
 Animate Armour           Summ/Erth      Unusable   N/A       N/A         4

Dungeon Overview and Level Annotations

Branches:
Dungeon (3/15)

Altars:
Okawaru

Annotations:
D:2 1 runed translucent door, Crazy Yiuf


Innate Abilities, Weirdness & Mutations

You have a pair of horns on your head.
You reflexively headbutt those who attack you in melee.


Message History

You slash the goblin!
You kill the goblin!
Okawaru accepts your kill.
Things that are here:
a +0 dagger; a goblin corpse A sky beast comes into view.
A sky beast is nearby!
A sky beast is nearby!
The sky beast flickers out of sight!
Deactivating autopickup; reactivate with Ctrl-A.
Things that are here:
a +0 dagger; a goblin corpse Something hits you.
Something shocks you.
A sky beast appears from thin air!
Reactivating autopickup.
You miss the sky beast. Your headbutt misses the sky beast.
The sky beast hits you but does no damage.
You hit the sky beast.
The sky beast is moderately wounded.
The sky beast hits you. The sky beast shocks you.
You barely miss the sky beast.
The sky beast is moderately wounded.
The sky beast flickers out of sight!
Deactivating autopickup; reactivate with Ctrl-A.
You block something's attack.
You hit something. Your headbutt misses something.
Something hits you but does no damage. x2
You miss something. Something hits you. Something shocks you.
You barely miss something. Something hits you. Something shocks you.
You closely miss something. Your headbutt misses something. Something hits you.
* * * LOW HITPOINT WARNING * * *
Something shocks you.
* * * LOW HITPOINT WARNING * * *
Something completely misses you.
You hit something. You headbutt something!
Something hits you but does no damage.
You barely miss something. Something hits you.
* * * LOW HITPOINT WARNING * * *
Something shocks you.
You die...

#..........
#.# #.#
#########.#
#......##)#
#.........#
######.####
#{#
#@#######.
#.........
#.########
####.#
#...)# ###
####.# ..#
#.# #.# #.#
#.# #.#


There were no monsters in sight!

Vanquished Creatures
  3 gnolls (D:2)
  3 adders
  2 orcs (D:3)
  3 ball pythons
  8 bats
  3 endoplasms
  5 giant cockroaches
  5 hobgoblins
  3 jackals (D:2)
  9 kobolds
  4 quokkas
  5 frilled lizards
  6 goblins
  7 rats
66 creatures vanquished.

Vanquished Creatures (others)
  3 fungi (D:2)
3 creatures vanquished.

Grand Total: 69 creatures vanquished

Notes
Turn   | Place    | Note
-------+----------+-------------------------------------------
     0 | D:1      | Peloso the Minotaur Fighter began the quest for the Orb.
     0 | D:1      | Reached XP level 1. HP: 19/19 MP: 0/0
   268 | D:1      | Reached XP level 2. HP: 22/27 MP: 1/1
   879 | D:1      | Reached XP level 3. HP: 33/33 MP: 2/2
  1745 | D:2      | Reached XP level 4. HP: 35/40 MP: 3/3
  1906 | D:2      | Found an iron altar of Okawaru.
  1942 | D:2      | Became a worshipper of Warmaster Okawaru
  1954 | D:2      | Found a runed translucent door.
  1955 | D:2      | Noticed Crazy Yiuf
  2185 | D:3      | Found an iron altar of Okawaru.
  2464 | D:3      | Noticed a sky beast
  2485 | D:3      | Slain by a sky beast

Illustrated notes

Levels and vault maps discovered:
D:1:      saegor_arrival_miasma, layout_basic, chequers_serial_rivers_room_a,
          minmay_cupped
D:2:      layout_rooms, basic_altar, uniq_crazy_yiuf_cottage
D:3:      minmay_octagon_keep, layout_loops_ring, lemuel_crystal_altar

Skill      XL: |  1  2  3  4 |
---------------+-------------+-----
Armour         | 4 |  4.9
Shields        | 4 |  4.5
Long Blades    | 3 |  3.5
Fighting       | 4 |  4.2
Dodging        | |  0.3
Stealth        | |  0.7

Action                   |  1- 3 |  4- 6 || total
-------------------------+-------+-------++-------
Melee: Long sword        |   146 |    48 ||   194
       Headbutt          |    16 |     6 ||    22
Armor: Chain mail        |   122 |    21 ||   143
       Scale mail        |     9 |       ||     9
Dodge: Dodged            |    61 |    17 ||    78
Block: Buckler           |    36 |     5 ||    41
